[ AOE2 MATCH · #504876665 ]
UnrankedMalay vs Tupi
Player's team · LOSS
Rival team · WIN
[ REPLAY ANALYSIS · EXTRACTED FROM THE RECORDED GAME ]
Feudal
9:20
Castle
—
Imperial
—
| APM avg | 42.6 |
| APM peak | 89 |
| eAPM avg | 25.2 |
| Villagers / military | 74 / 87 |
Focus
⚔️ 33.0% · 🌾 67.0%
Militia ×78 · Archer ×8 · Skirmisher ×1
Feudal
11:35
Castle
38:36
Imperial
—
| APM avg | 77.6 |
| APM peak | 152 |
| eAPM avg | 43.7 |
| Villagers / military | 124 / 0 |
Focus
⚔️ 58.3% · 🌾 41.7%
Unknown (2550) ×126
Match map
Initial resources + every placement click. Lines = walls · curves = elevation contours. ◆ gold · ⬟ stone · ● berries · ✦ relic · ◌ wall gap
Your base· Open — unwalled flank
SVTT | Альпинист's base· Open — unwalled flank
Smoothed initial terrain · ◌ = detected wall gap · hover for details
Inputs per minute
— Omit the Wise - - SVTT | Альпинист
Build order — Omit the Wise
First 150 of 265 actions detected
| 0:00 | Create | Villager (Male) |
| 0:00 | Create | Villager (Male) |
| 0:01 | Create | Villager (Male) |
| 0:02 | Build | House |
| 0:02 | Build | House |
| 0:08 | Create | Villager (Male) |
| 1:27 | Create | Villager (Male) |
| 1:44 | Build | Lumber Camp |
| 2:01 | Create | Villager (Male) |
| 2:13 | Create | Villager (Male) |
| 2:48 | Create | Villager (Male) |
| 3:05 | Build | House |
| 3:14 | Create | Villager (Male) |
| 3:42 | Create | Villager (Male) |
| 3:49 | Create | Villager (Male) |
| 3:54 | Build | House |
| 4:22 | Build | House |
| 4:35 | Create | Villager (Male) |
| 4:41 | Build | Palisade Wall |
| 4:42 | Build | Palisade Wall |
| 4:45 | Build | Palisade Wall |
| 4:45 | Build | Palisade Wall |
| 4:56 | Create | Villager (Male) |
| 4:56 | Create | Villager (Male) |
| 5:11 | Build | Palisade Wall |
| 5:19 | Research | Loom |
| 5:21 | Build | Palisade Wall |
| 5:22 | Build | Palisade Wall |
| 5:29 | Build | Palisade Wall |
| 5:30 | Build | Palisade Wall |
| 5:31 | Build | Palisade Wall |
| 5:36 | Build | Palisade Wall |
| 5:46 | Create | Villager (Male) |
| 6:09 | Build | Mill |
| 6:15 | Create | Villager (Male) |
| 6:32 | Create | Villager (Male) |
| 7:00 | Create | Villager (Male) |
| 7:25 | Build | Farm |
| 7:27 | Create | Villager (Male) |
| 8:02 | Research | Feudal Age |
| 8:37 | Build | Farm |
| 9:20 | Age | Feudal Age |
| 9:28 | Build | Barracks |
| 9:45 | Create | Villager (Male) |
| 9:46 | Create | Villager (Male) |
| 10:21 | Build | Archery Range |
| 10:26 | Create | Villager (Male) |
| 10:54 | Build | Palisade Wall |
| 10:56 | Build | Palisade Wall |
| 11:11 | Create | Villager (Male) |
| 11:15 | Build | Palisade Wall |
| 11:18 | Create | Villager (Male) |
| 11:20 | Build | Mining Camp |
| 11:22 | Create | Archer |
| 11:24 | Build | Farm |
| 11:24 | Build | Farm |
| 12:01 | Build | Market |
| 12:14 | Create | Archer |
| 12:16 | Create | Villager (Male) |
| 12:19 | Build | House |
| 12:45 | Create | Villager (Male) |
| 12:57 | Create | Villager (Male) |
| 13:01 | Build | Watch Tower |
| 13:31 | Create | Villager (Male) |
| 13:57 | Research | Wheelbarrow |
| 13:59 | Create | Villager (Male) |
| 14:09 | Create | Villager (Male) |
| 14:13 | Build | Palisade Wall |
| 14:29 | Create | Skirmisher |
| 14:44 | Build | Farm |
| 14:45 | Build | Farm |
| 14:56 | Create | Archer |
| 15:03 | Build | Farm |
| 15:04 | Create | Villager (Male) |
| 15:32 | Create | Archer |
| 15:41 | Build | Blacksmith |
| 15:44 | Build | Farm |
| 16:03 | Build | Farm |
| 16:07 | Create | Villager (Male) |
| 16:15 | Research | Fletching |
| 16:22 | Create | Archer |
| 16:41 | Create | Archer |
| 16:43 | Create | Villager (Male) |
| 16:51 | Create | Villager (Male) |
| 17:06 | Create | Villager (Male) |
| 17:30 | Create | Villager (Male) |
| 17:51 | Build | Farm |
| 17:53 | Create | Archer |
| 18:01 | Create | Archer |
| 18:11 | Build | Farm |
| 18:13 | Build | Farm |
| 18:16 | Build | House |
| 18:18 | Create | Villager (Male) |
| 18:30 | Build | House |
| 18:31 | Build | House |
| 18:41 | Research | Man-at-Arms (upgrade) |
| 19:00 | Build | Barracks |
| 19:13 | Create | Villager (Male) |
| 19:23 | Create | Militia |
| 19:23 | Create | Militia |
| 19:34 | Build | Watch Tower |
| 19:47 | Build | Farm |
| 19:50 | Build | Farm |
| 19:51 | Create | Militia |
| 20:19 | Build | Lumber Camp |
| 20:26 | Create | Militia |
| 20:26 | Create | Militia |
| 20:28 | Create | Militia |
| 20:33 | Build | Farm |
| 20:35 | Create | Villager (Male) |
| 21:00 | Create | Militia |
| 21:05 | Build | Farm |
| 21:07 | Create | Villager (Male) |
| 21:21 | Build | House |
| 21:36 | Create | Militia |
| 21:36 | Create | Militia |
| 21:46 | Create | Villager (Male) |
| 22:05 | Create | Villager (Male) |
| 22:17 | Build | Farm |
| 22:33 | Create | Villager (Male) |
| 22:36 | Build | Farm |
| 22:36 | Build | Farm |
| 23:03 | Create | Villager (Male) |
| 23:06 | Build | Farm |
| 23:07 | Build | Farm |
| 23:11 | Create | Militia |
| 23:31 | Build | Farm |
| 23:36 | Create | Militia |
| 23:36 | Create | Militia |
| 23:55 | Create | Villager (Male) |
| 23:57 | Create | Militia |
| 23:57 | Create | Militia |
| 23:57 | Create | Militia |
| 23:58 | Create | Militia |
| 24:03 | Build | Farm |
| 24:04 | Create | Villager (Male) |
| 24:34 | Create | Villager (Male) |
| 24:39 | Build | Farm |
| 24:59 | Build | Farm |
| 25:04 | Research | Arson |
| 25:04 | Create | Militia |
| 25:05 | Create | Militia |
| 25:05 | Create | Militia |
| 25:08 | Create | Villager (Male) |
| 25:15 | Build | Farm |
| 25:22 | Build | Farm |
| 25:36 | Create | Militia |
| 25:37 | Create | Militia |
| 25:37 | Create | Militia |
| 25:40 | Create | Villager (Male) |
Build order — SVTT | Альпинист
First 150 of 382 actions detected
| 0:01 | Create | Villager (Male) |
| 0:01 | Create | Villager (Male) |
| 0:02 | Create | Villager (Male) |
| 0:02 | Create | Villager (Male) |
| 0:04 | Build | House |
| 0:05 | Build | House |
| 0:45 | Build | Barracks |
| 1:08 | Create | Villager (Male) |
| 1:08 | Create | Villager (Male) |
| 1:51 | Create | Unit 2550 |
| 2:07 | Research | Loom |
| 2:10 | Create | Unit 2550 |
| 2:31 | Create | Villager (Male) |
| 2:51 | Create | Villager (Male) |
| 2:51 | Create | Villager (Male) |
| 3:06 | Build | House |
| 3:12 | Create | Villager (Male) |
| 3:12 | Create | Villager (Male) |
| 3:57 | Create | Villager (Male) |
| 3:57 | Create | Villager (Male) |
| 4:16 | Create | Villager (Male) |
| 4:17 | Create | Villager (Male) |
| 4:37 | Create | Villager (Male) |
| 4:54 | Create | Villager (Male) |
| 4:54 | Create | Villager (Male) |
| 5:01 | Build | House |
| 5:28 | Create | Villager (Male) |
| 5:44 | Create | Villager (Male) |
| 5:44 | Create | Villager (Male) |
| 5:50 | Build | Settlement |
| 6:07 | Create | Villager (Male) |
| 6:07 | Create | Villager (Male) |
| 6:25 | Create | Villager (Male) |
| 6:46 | Create | Villager (Male) |
| 7:23 | Create | Villager (Male) |
| 7:23 | Create | Villager (Male) |
| 7:34 | Create | Villager (Male) |
| 7:34 | Create | Villager (Male) |
| 7:39 | Build | Settlement |
| 7:45 | Create | Villager (Male) |
| 7:59 | Create | Villager (Male) |
| 8:16 | Create | Villager (Male) |
| 8:37 | Build | Farm |
| 9:25 | Research | Feudal Age |
| 9:41 | Build | Outpost |
| 9:45 | Create | Unit 2550 |
| 9:50 | Build | Settlement |
| 10:05 | Build | House |
| 10:16 | Build | Outpost |
| 10:31 | Build | House |
| 10:51 | Build | Outpost |
| 11:06 | Create | Unit 2550 |
| 11:35 | Age | Feudal Age |
| 11:37 | Build | Watch Tower |
| 11:41 | Build | Watch Tower |
| 11:46 | Create | Villager (Male) |
| 11:47 | Create | Villager (Male) |
| 11:47 | Create | Villager (Male) |
| 11:47 | Create | Villager (Male) |
| 11:47 | Create | Villager (Male) |
| 11:48 | Create | Villager (Male) |
| 11:48 | Create | Villager (Male) |
| 11:53 | Create | Unit 2550 |
| 11:54 | Create | Unit 2550 |
| 11:54 | Create | Unit 2550 |
| 11:56 | Create | Unit 2550 |
| 12:21 | Build | House |
| 12:22 | Build | Palisade Wall |
| 12:23 | Build | Palisade Wall |
| 12:27 | Build | Palisade Wall |
| 12:28 | Build | Palisade Wall |
| 12:30 | Build | Palisade Wall |
| 12:31 | Build | Palisade Wall |
| 12:38 | Create | Villager (Male) |
| 13:02 | Create | Villager (Male) |
| 13:11 | Create | Villager (Male) |
| 13:11 | Create | Villager (Male) |
| 13:20 | Build | Farm |
| 13:21 | Build | Farm |
| 13:21 | Build | Farm |
| 13:51 | Create | Villager (Male) |
| 13:54 | Research | Tech 1402 |
| 14:24 | Build | Watch Tower |
| 14:27 | Create | Villager (Male) |
| 14:27 | Create | Villager (Male) |
| 14:37 | Create | Unit 2550 |
| 14:37 | Create | Unit 2550 |
| 14:52 | Build | Watch Tower |
| 14:54 | Create | Villager (Male) |
| 14:54 | Create | Villager (Male) |
| 15:03 | Build | House |
| 15:03 | Create | Villager (Male) |
| 15:15 | Create | Unit 2550 |
| 16:06 | Create | Villager (Male) |
| 16:06 | Create | Villager (Male) |
| 16:06 | Create | Villager (Male) |
| 16:06 | Create | Villager (Male) |
| 16:08 | Create | Unit 2550 |
| 16:08 | Create | Unit 2550 |
| 16:08 | Create | Unit 2550 |
| 16:22 | Build | Watch Tower |
| 16:27 | Create | Villager (Male) |
| 16:28 | Create | Villager (Male) |
| 16:28 | Create | Villager (Male) |
| 16:47 | Build | Farm |
| 17:20 | Create | Villager (Male) |
| 17:21 | Create | Villager (Male) |
| 17:21 | Create | Villager (Male) |
| 17:21 | Create | Villager (Male) |
| 17:23 | Research | Double-Bit Axe |
| 17:32 | Build | Watch Tower |
| 17:53 | Research | Arson |
| 17:53 | Research | Arson |
| 17:53 | Create | Villager (Male) |
| 18:00 | Build | Farm |
| 18:00 | Build | Farm |
| 18:01 | Build | Farm |
| 18:01 | Build | Farm |
| 18:01 | Build | Farm |
| 18:11 | Create | Villager (Male) |
| 18:11 | Create | Villager (Male) |
| 18:16 | Build | Watch Tower |
| 18:31 | Create | Villager (Male) |
| 18:31 | Create | Villager (Male) |
| 18:52 | Create | Villager (Male) |
| 18:52 | Create | Villager (Male) |
| 18:52 | Create | Villager (Male) |
| 19:03 | Create | Villager (Male) |
| 19:12 | Build | Watch Tower |
| 19:27 | Build | Watch Tower |
| 19:31 | Build | Watch Tower |
| 19:36 | Create | Villager (Male) |
| 19:48 | Research | Horse Collar |
| 19:48 | Research | Horse Collar |
| 20:15 | Build | Watch Tower |
| 20:28 | Create | Villager (Male) |
| 20:28 | Create | Villager (Male) |
| 20:28 | Create | Villager (Male) |
| 20:29 | Create | Villager (Male) |
| 20:29 | Create | Villager (Male) |
| 20:33 | Create | Villager (Male) |
| 20:35 | Create | Villager (Male) |
| 20:37 | Build | Blacksmith |
| 20:42 | Create | Unit 2550 |
| 20:42 | Create | Unit 2550 |
| 20:51 | Build | Settlement |
| 21:20 | Create | Villager (Male) |
| 21:20 | Create | Villager (Male) |
| 21:22 | Create | Unit 2550 |
| 21:23 | Create | Unit 2550 |
Match timeline
| 0:45 | SVTT | Альпинист · first_building Barracks |
| 4:41 | Omit the Wise · wall_segment Palisade Wall x1 |
| 4:42 | Omit the Wise · wall_segment Palisade Wall x1 |
| 4:45 | Omit the Wise · wall_segment Palisade Wall x1 |
| 4:45 | Omit the Wise · wall_segment Palisade Wall x1 |
| 5:11 | Omit the Wise · wall_segment Palisade Wall x1 |
| 5:21 | Omit the Wise · wall_segment Palisade Wall x1 |
| 5:22 | Omit the Wise · wall_segment Palisade Wall x1 |
| 5:29 | Omit the Wise · wall_segment Palisade Wall x1 |
| 5:30 | Omit the Wise · wall_segment Palisade Wall x1 |
| 5:31 | Omit the Wise · wall_segment Palisade Wall x1 |
| 5:36 | Omit the Wise · wall_segment Palisade Wall x1 |
| 9:20 | Omit the Wise · age_up feudal |
| 9:28 | Omit the Wise · first_building Barracks |
| 10:21 | Omit the Wise · first_building Archery Range |
| 10:54 | Omit the Wise · wall_segment Palisade Wall x1 |
| 10:56 | Omit the Wise · wall_segment Palisade Wall x1 |
| 11:15 | Omit the Wise · wall_segment Palisade Wall x1 |
| 11:35 | SVTT | Альпинист · age_up feudal |
| 12:22 | SVTT | Альпинист · wall_segment Palisade Wall x1 |
| 12:23 | SVTT | Альпинист · wall_segment Palisade Wall x1 |
| 12:27 | SVTT | Альпинист · wall_segment Palisade Wall x1 |
| 12:28 | SVTT | Альпинист · wall_segment Palisade Wall x1 |
| 12:30 | SVTT | Альпинист · wall_segment Palisade Wall x1 |
| 12:31 | SVTT | Альпинист · wall_segment Palisade Wall x1 |
| 14:13 | Omit the Wise · wall_segment Palisade Wall x1 |
| 19:29 | Omit the Wise · first_market_buy 100 stone |
| 24:23 | Omit the Wise · first_market_sell 100 wood |
| 27:11 | Omit the Wise · wall_segment Palisade Wall x1 |
| 27:24 | SVTT | Альпинист · wall_segment Palisade Wall x1 |
| 27:25 | SVTT | Альпинист · wall_segment Palisade Wall x1 |
| 27:34 | SVTT | Альпинист · wall_segment Palisade Wall x1 |
| 27:36 | SVTT | Альпинист · wall_segment Palisade Wall x1 |
| 27:37 | SVTT | Альпинист · wall_segment Palisade Wall x1 |
| 27:38 | SVTT | Альпинист · wall_segment Palisade Wall x1 |
| 31:00 | Omit the Wise · wall_segment Palisade Wall x1 |
| 31:58 | SVTT | Альпинист · wall_segment Palisade Wall x1 |
| 31:59 | SVTT | Альпинист · wall_segment Palisade Wall x1 |
| 32:03 | SVTT | Альпинист · wall_segment Palisade Wall x1 |
| 32:32 | SVTT | Альпинист · wall_segment Palisade Wall x1 |
| 32:34 | SVTT | Альпинист · wall_segment Palisade Wall x1 |
| 32:35 | SVTT | Альпинист · wall_segment Palisade Wall x1 |
| 35:11 | SVTT | Альпинист · first_market_sell 100 food |
| 35:50 | Omit the Wise · wall_segment Palisade Wall x1 |
| 35:55 | Omit the Wise · wall_segment Palisade Wall x1 |
| 35:58 | Omit the Wise · wall_segment Palisade Wall x1 |
| 36:42 | Omit the Wise · wall_segment Palisade Wall x1 |
| 38:36 | SVTT | Альпинист · age_up castle |
| 38:41 | Omit the Wise · resign |
[ AI ANALYSIS · 1 CREDIT ]
What really happened in this match?
Wolo.gg analyzes every decision: build order, eco, micro, common mistakes by bracket. Personalized analysis on WhatsApp or Discord in 30 seconds.
Civ guide
Malay
Perfil
Jugador #15935362